 Dungeon Crawl Stone Soup version 0.23-a0-730-g0b75920 (console) character file.

49 Voker57 the Slasher (level 3, 0/28 HPs)
             Began as a Demonspawn Gladiator on Jan 17, 2019.
             Succumbed to a gnoll's poison
             ... on level 2 of the Dungeon.
             The game lasted 00:00:59 (879 turns).

Voker57 the Slasher (Demonspawn Gladiator)           Turns: 879, Time: 00:00:59

Health: 0/28       AC: 12    Str: 14    XL:     3   Next: 51%
Magic:  3/3        EV:  7    Int:  9    God:
Gold:   41         SH:  0    Dex: 15    Spells: 2/2 levels left

rFire    . . .     SeeInvis .   a - +0 long sword
rCold    . . .     Gourm    .   (no shield)
rNeg     . . .     Faith    .   e - +3 chain mail
rPois    .         Spirit   .   c - +0 helmet
rElec    .         Reflect  .   (no cloak)
rCorr    .         Harm     .   (no gloves)
MR       .....                  (no boots)
Stlth    ..........             (no amulet)
HPRegen  0.09/turn              (no ring)
MPRegen  0.08/turn              (no ring)

@: lethally poisoned (0 -> -34)
A: demonic guardian 1, nightstalker 1
a: no special abilities


You were on level 2 of the Dungeon.
You were not hungry.

You visited 1 branch of the dungeon, and saw 2 of its levels.

You collected 41 gold pieces.

Inventory:

Hand Weapons
 a - a +0 long sword (weapon)
Missiles
 d - 3 throwing nets (quivered)
Armour
 b - a +0 leather armour
 c - a +0 helmet (worn)
 e - a +3 chain mail (worn)
Scrolls
 g - a scroll of fear {unknown}
 h - a scroll of random uselessness {unknown}
 i - 2 scrolls of remove curse {unknown}
 k - a scroll of fog {unknown}
Potions
 j - a potion of berserk rage {unknown}
Comestibles
 f - 2 rations


   Skills:
 + Level 2.5 Fighting
 * Level 3.4 Long Blades
 - Level 1.7 Throwing
 + Level 0.5 Armour
 + Level 3.0 Dodging


You had 2 spell levels left.
You didn't know any spells.
Your spell library was empty.

Dungeon Overview and Level Annotations

Branches:
Dungeon (1/15)

Altars:
Gozag


Innate Abilities, Weirdness & Mutations

A weak demonic guardian rushes to your aid.
You are slightly more attuned to the shadows.


Message History

You feel very sick.
The gnoll hits you from afar with a +0 spear.
The gnoll hits you with a +1 spear of venom.
Your chain mail prevents you from hitting the gnoll.
The gnoll is moderately wounded.
You feel very sick.
The gnoll hits you from afar with a +0 spear.
* * * LOW HITPOINT WARNING * * *
The gnoll hits you but does no damage.
You are more poisoned.
You swap places.
* * * LOW HITPOINT WARNING * * *
You feel sick. The gnoll hits you but does no damage.
You are more poisoned.
Your iron imp closely misses the gnoll.
* * * LOW HITPOINT WARNING * * *
You feel very sick.
The gnoll completely misses your iron imp.
The gnoll hits your iron imp but does no damage.
You die...

### ####### ..# #...... #.#
#.##### ####.#### #.# ### ##
#..ggg..######.###.. ..#
#.##5##............. #.#
#.##.#####...#.###.# #.#
#.###.##.# #......# ### #.#
#......@.# ##...#......
##.###########.#### ##.########
#........##....# #.#
#..#####.##.#### #.#
......##.##.# ##'## #..##.##.##.#
##...## #.....##.##.####
##.....## ..##..##.##.##.##
##.......## #
....<..#.#......####.........####
...................+.........'...


You could see 2 gnolls and a friendly iron imp.

Vanquished Creatures
  3 adders (D:2)
  A dart slug (D:2)
  A leopard gecko (D:2)
  2 bats (D:2)
  A giant cockroach (D:2)
  3 hobgoblins (D:2)
  A quokka (D:2)
  2 frilled lizards (D:2)
  2 goblins
  5 rats
21 creatures vanquished.

Notes
Turn   | Place    | Note
-------+----------+-------------------------------------------
     0 | D:1      | Voker57 the Demonspawn Gladiator began the quest for the
                  | Orb.
     0 | D:1      | Reached XP level 1. HP: 16/16 MP: 1/1
    86 | D:1      | You fall through a shaft!
   208 | D:2      | Gained mutation: A weak demonic guardian rushes to your
                  | aid. [demonic ancestry]
   208 | D:2      | Reached XP level 2. HP: 13/22 MP: 2/2
   618 | D:2      | Gained mutation: You are slightly more attuned to the
                  | shadows. [demonic ancestry]
   618 | D:2      | Reached XP level 3. HP: 28/28 MP: 3/3
   649 | D:2      | Found an opulent altar of Gozag.
   879 | D:2      | Succumbed to a gnoll's poison

Vault maps used:
D:1:      nagdon_arrival_double_spiral
D:2:      nicolae_gozag_seed_capital

Skill      XL: |  1  2 |
---------------+-------+-----
Long Blades    | 3 |  3.4
Dodging        | 3 |  3.0
Fighting       | |  2.5
Throwing       | |  1.7
Armour         | |  0.5

Action                   || total
-------------------------++-------
Melee: Long sword        ||    66
Armor: Chain mail        ||    46
       Leather armour    ||     4
Dodge: Dodged            ||    24
       Rpst.: Long sword ||     6

Table legend:
 A = Non-vault XP
 B = Vault XP
 C = Vault XP percentage of total XP
 D = Non-vault monster count
 E = Vault monster count
 F = Vault count percentage of total count
                 A         B        C        D         E       F
            +---------+---------+-------+---------+---------+-------
      Total |      70 |       0 |   0.0 |      21 |       0 |   0.0
            +---------+---------+-------+---------+---------+-------
        D:1 |       2 |       0 |   0.0 |       2 |       0 |   0.0
        D:2 |      68 |       0 |   0.0 |      19 |       0 |   0.0
            +---------+---------+-------+---------+---------+-------
